PCL
MEXICO CITY CERVECEROS @ LAS VEGAS STARS
05/16/2030
 
TOP OF THE 1ST
Mexico City Cerveceros batting - Pitching for Las Vegas Stars : LHP Jon Vaughn
Pitching: LHP Jon Vaughn
Batting: RHB Lee Price 0-0: Ball
1-0: Called Strike
1-1: Swinging Strike
1-2: Foul Ball, location: 2F
1-2: Foul Ball, location: 2F
1-2: Ball
2-2: Foul Ball, location: 2F
2-2: Fly out, F9 (Flyball, 9LD)
Batting: RHB Robinson Pacheco 0-0: Ball
1-0: Called Strike
1-1: SOLO HOME RUN (Line Drive, 78XD), Distance : 426 ft
Batting: LHB Mike Harris 0-0: Ball
1-0: Called Strike
1-1: Foul Ball, location: 2F
1-2: Ball
2-2: Foul Ball, location: 2F
2-2: SINGLE (Flyball, 7S)
Batting: RHB Juan Estrada 0-0: Ball
1-0: Swinging Strike
1-1: Grounds into double play, 6-4-3 (Groundball, 6M)
Top of the 1st over - 1 run, 2 hits, 0 errors, 0 left on base; Mexico City 1 - Las Vegas 0
BOTTOM OF THE 1ST
Las Vegas Stars batting - Pitching for Mexico City Cerveceros : RHP Luis Libán
Pitching: RHP Luis Libán
Batting: LHB Alberto Varela 0-0: Ball
1-0: Ball
2-0: Ball
3-0: Base on Balls
Batting: RHB Tomás Díaz 0-0: Ball
1-0: Called Strike
1-1: Fly out, F8 (Line Drive, 8LD)
Batting: LHB Edward Rose 0-0: Ball
Alberto Varela steals 2nd base
1-0: Called Strike
1-1: Called Strike
1-2: Ground out 4-3 (Groundball, 4M)
Alberto Varela to third
Batting: SHB Júlio Salazar 0-0: Called Strike
0-1: Ball
1-1: Called Strike
1-2: Ball
2-2: Ball
3-2: 2-RUN HOME RUN (Flyball, 9LD), Distance : 388 ft
Batting: RHB Barney Lawson 0-0: Called Strike
0-1: Ground out 6-3 (Groundball, 56)
Bottom of the 1st over - 2 runs, 1 hit, 0 errors, 0 left on base; Mexico City 1 - Las Vegas 2
TOP OF THE 2ND
Mexico City Cerveceros batting - Pitching for Las Vegas Stars : LHP Jon Vaughn
Batting: RHB Ray Ervin 0-0: Ball
1-0: Ground out 5-3 (Groundball, 56)
Batting: RHB Juan Brieno 0-0: Ball
1-0: Swinging Strike
1-1: Foul Ball, location: 2F
1-2: Foul Ball, location: 2F
1-2: Strikes out swinging
Batting: LHB John Bond 0-0: Ball
1-0: Ball
2-0: Foul Ball, location: 2F
2-1: Ball
3-1: Swinging Strike
3-2: Base on Balls
Batting: RHB Rick Ayliffe 0-0: Called Strike
0-1: Swinging Strike
0-2: Ball
1-2: SINGLE (Line Drive, 89S)
John Bond to second
Runner from 2nd tries for 3rd, OUT!
Top of the 2nd over - 0 runs, 1 hit, 0 errors, 1 left on base; Mexico City 1 - Las Vegas 2
BOTTOM OF THE 2ND
Las Vegas Stars batting - Pitching for Mexico City Cerveceros : RHP Luis Libán
Batting: RHB Augusto Trevino 0-0: Called Strike
0-1: Foul Ball, location: 2F
0-2: Foul Ball, location: 2F
0-2: Ball
1-2: Foul Ball, location: 2F
1-2: Ball
2-2: Fly out, F9 (Flyball, 89D)
Batting: RHB Paco Castillo 0-0: Called Strike
0-1: Foul Ball, location: 2F
0-2: Ball
1-2: Foul Ball, location: 2F
1-2: Ground out 4-3 (Groundball, 4)
Batting: RHB Juan Valverde 0-0: Called Strike
0-1: Ball
1-1: Foul Ball, location: 2F
1-2: Ground out U3 (Groundball, 34)
Bottom of the 2nd over - 0 runs, 0 hits, 0 errors, 0 left on base; Mexico City 1 - Las Vegas 2
TOP OF THE 3RD
Mexico City Cerveceros batting - Pitching for Las Vegas Stars : LHP Jon Vaughn
Batting: LHB Gary Kern 0-0: Ball
1-0: Called Strike
1-1: SINGLE (Groundball, 6MD)
Batting: RHB Lee Price 0-0: Called Strike
0-1: Called Strike
0-2: Strikes out swinging
Batting: RHB Robinson Pacheco 0-0: Foul Ball, location: 2F
0-1: Foul Ball, location: 2F
0-2: Ball
1-2: Ball
2-2: Foul Ball, location: 2F
2-2: Strikes out swinging
Batting: LHB Mike Harris 0-0: Ball
1-0: Called Strike
1-1: Foul Ball, location: 2F
1-2: Strikes out swinging
Top of the 3rd over - 0 runs, 1 hit, 0 errors, 1 left on base; Mexico City 1 - Las Vegas 2
BOTTOM OF THE 3RD
Las Vegas Stars batting - Pitching for Mexico City Cerveceros : RHP Luis Libán
Batting: RHB Fernando Bórquez 0-0: Swinging Strike
0-1: Ball
1-1: Foul Ball, location: 2F
1-2: Ball
2-2: Strikes out swinging
Batting: LHB Alberto Varela 0-0: Foul Ball, location: 2F
0-1: Swinging Strike
0-2: Ground out 4-3 (Groundball, 4)
Batting: RHB Tomás Díaz 0-0: Called Strike
0-1: Called Strike
0-2: Ball
1-2: Ball
2-2: Ball
3-2: Base on Balls
Batting: LHB Edward Rose 0-0: Ball
1-0: Fly out, F9 (Flyball, 9)
Bottom of the 3rd over - 0 runs, 0 hits, 0 errors, 1 left on base; Mexico City 1 - Las Vegas 2
TOP OF THE 4TH
Mexico City Cerveceros batting - Pitching for Las Vegas Stars : LHP Jon Vaughn
Batting: RHB Juan Estrada 0-0: Ground out 4-3 (Groundball, 4)
Batting: RHB Ray Ervin 0-0: Called Strike
0-1: Swinging Strike
0-2: Strikes out swinging
Batting: RHB Juan Brieno 0-0: Called Strike
0-1: Fly out, F5 (Line Drive, 5S)
Top of the 4th over - 0 runs, 0 hits, 0 errors, 0 left on base; Mexico City 1 - Las Vegas 2
BOTTOM OF THE 4TH
Las Vegas Stars batting - Pitching for Mexico City Cerveceros : RHP Luis Libán
Batting: SHB Júlio Salazar 0-0: Ball
1-0: Called Strike
1-1: SINGLE (Flyball, 78S)
Batting: RHB Barney Lawson 0-0: Ball
1-0: SINGLE (Line Drive, 6MD)
Júlio Salazar to second
Batting: RHB Augusto Trevino 0-0: Called Strike
Júlio Salazar steals 3rd base
Barney Lawson to second
0-1: Ball
1-1: Foul Ball, location: 2F
1-2: Foul Ball, location: 2F
1-2: Ball
2-2: Ball
3-2: Hit by Pitch
Batting: RHB Paco Castillo 0-0: Ball
1-0: Ball
2-0: Called Strike
2-1: Swinging Strike
2-2: Strikes out swinging
Batting: RHB Juan Valverde 0-0: Ball
1-0: SINGLE (Groundball, 6MD)
Júlio Salazar scores
Barney Lawson to third
Augusto Trevino to second
Runner from 3rd tries for Home, SAFE, throw made home
Batting: RHB Fernando Bórquez 0-0: Called Strike
Augusto Trevino steals 3rd base
0-1: Fielders Choice at 2nd, 6-4 (Groundball, 56)
Augusto Trevino scores
Batting: LHB Alberto Varela 0-0: Called Strike
0-1: Ball
1-1: Foul Ball, location: 2F
1-2: Fly out, F8 (Flyball, 78D)
Bottom of the 4th over - 3 runs, 3 hits, 0 errors, 1 left on base; Mexico City 1 - Las Vegas 5
TOP OF THE 5TH
Mexico City Cerveceros batting - Pitching for Las Vegas Stars : LHP Jon Vaughn
Batting: LHB John Bond 0-0: Called Strike
0-1: Called Strike
0-2: Ball
1-2: Ball
2-2: Ball
3-2: Strikes out swinging
Batting: RHB Rick Ayliffe 0-0: Foul Ball, location: 2F
0-1: Ball
1-1: Called Strike
1-2: Ground out 6-3 (Groundball, 6)
Batting: LHB Gary Kern 0-0: Ball
1-0: SINGLE (Groundball, 34D)
Batting: RHB Lee Price 0-0: Swinging Strike
0-1: Fielders Choice at 2nd, 6-4 (Groundball, 6)
Top of the 5th over - 0 runs, 1 hit, 0 errors, 1 left on base; Mexico City 1 - Las Vegas 5
BOTTOM OF THE 5TH
Las Vegas Stars batting - Pitching for Mexico City Cerveceros : RHP Luis Libán
Batting: RHB Tomás Díaz 0-0: Called Strike
0-1: Called Strike
0-2: Ball
1-2: Ground out 5-3 (Groundball, 56)
Batting: LHB Edward Rose 0-0: Ball
1-0: Ball
2-0: Called Strike
2-1: Foul Ball, location: 2F
2-2: Strikes out swinging
Batting: SHB Júlio Salazar 0-0: Called Strike
0-1: Swinging Strike
0-2: Ball
1-2: Fly out, F5 (Line Drive, 56)
Bottom of the 5th over - 0 runs, 0 hits, 0 errors, 0 left on base; Mexico City 1 - Las Vegas 5
TOP OF THE 6TH
Mexico City Cerveceros batting - Pitching for Las Vegas Stars : LHP Jon Vaughn
Batting: RHB Robinson Pacheco 0-0: Fly out, F9 (Flyball, 9S)
Batting: LHB Mike Harris 0-0: Fly out, F6 (Popup, 6)
Batting: RHB Juan Estrada 0-0: Called Strike
0-1: Ball
1-1: Fly out, F3 (Popup, 23F)
Top of the 6th over - 0 runs, 0 hits, 0 errors, 0 left on base; Mexico City 1 - Las Vegas 5
BOTTOM OF THE 6TH
Las Vegas Stars batting - Pitching for Mexico City Cerveceros : RHP Luis Libán
Batting: RHB Barney Lawson 0-0: Called Strike
0-1: Ball
1-1: Swinging Strike
1-2: Ball
2-2: Foul Ball, location: 2F
2-2: Foul Ball, location: 2F
2-2: Foul Ball, location: 2F
2-2: Fly out, F8 (Flyball, 8RM)
Batting: RHB Augusto Trevino 0-0: Ball
1-0: Swinging Strike
1-1: Ball
2-1: Ball
3-1: Base on Balls
Pitching: RHP Tex Perkins
Batting: RHB Paco Castillo 0-0: Swinging Strike
0-1: Ball
1-1: Fly out, F3 (Popup, 3F)
Batting: RHB Juan Valverde Balk!
Augusto Trevino to second
0-0: Ball
1-0: Ball
2-0: Called Strike
2-1: Ball
3-1: Foul Ball, location: 2F
3-2: Strikes out swinging
Bottom of the 6th over - 0 runs, 0 hits, 0 errors, 1 left on base; Mexico City 1 - Las Vegas 5
TOP OF THE 7TH
Mexico City Cerveceros batting - Pitching for Las Vegas Stars : LHP Jon Vaughn
Batting: RHB Ray Ervin 0-0: Ball
1-0: Ball
2-0: Ball
3-0: Base on Balls
Batting: RHB Juan Brieno 0-0: Called Strike
0-1: Called Strike
0-2: Strikes out swinging
Batting: LHB John Bond 0-0: Ball
1-0: Ball
2-0: Swinging Strike
2-1: Swinging Strike
2-2: Strikes out swinging
Batting: RHB Rick Ayliffe 0-0: Ball
1-0: Called Strike
1-1: Ball
2-1: Foul Ball, location: 2F
2-2: Fly out, F4 (Popup, 4S)
Top of the 7th over - 0 runs, 0 hits, 0 errors, 1 left on base; Mexico City 1 - Las Vegas 5
BOTTOM OF THE 7TH
Las Vegas Stars batting - Pitching for Mexico City Cerveceros : RHP Tex Perkins
Batting: RHB Fernando Bórquez 0-0: Called Strike
0-1: Ball
1-1: Ground out 5-3 (Groundball, 56)
Batting: LHB Alberto Varela 0-0: Ball
1-0: Ball
2-0: Ball
3-0: Called Strike
3-1: Base on Balls
Batting: RHB Tomás Díaz 0-0: Fly out, F9 (Flyball, 9D)
Batting: LHB Edward Rose 0-0: Ball
Alberto Varela steals 2nd base
1-0: Ball
2-0: Ball
3-0: Called Strike
3-1: DOUBLE (Line Drive, 89M)
Alberto Varela scores
Batting: SHB Júlio Salazar 0-0: Ball
1-0: 2-RUN HOME RUN (Flyball, 9D), Distance : 419 ft
Batting: RHB Barney Lawson 0-0: Ball
1-0: Ball
2-0: Ball
3-0: Called Strike
3-1: Base on Balls
Batting: RHB Augusto Trevino 0-0: Swinging Strike
0-1: Ball
1-1: Ball
2-1: Called Strike
2-2: Foul Ball, location: 2F
2-2: Ball
3-2: Foul Ball, location: 2F
3-2: Base on Balls
Barney Lawson to second
Batting: RHB Paco Castillo 0-0: Ground out 2-3 (Groundball, 15S)
Bottom of the 7th over - 3 runs, 2 hits, 0 errors, 2 left on base; Mexico City 1 - Las Vegas 8
TOP OF THE 8TH
Mexico City Cerveceros batting - Pitching for Las Vegas Stars : LHP Jon Vaughn
Batting: LHB Gary Kern 0-0: Ball
1-0: Called Strike
1-1: Foul Ball, location: 2F
1-2: Strikes out swinging
Pitching: RHP Dema Mitenkov
Batting: RHB Lee Price 0-0: Ball
1-0: Fly out, F5 (Flyball, 5D)
Batting: RHB Robinson Pacheco 0-0: Foul Ball, location: 2F
0-1: Ball
1-1: Ground out 4-3 (Groundball, 4M)
Top of the 8th over - 0 runs, 0 hits, 0 errors, 0 left on base; Mexico City 1 - Las Vegas 8
BOTTOM OF THE 8TH
Las Vegas Stars batting - Pitching for Mexico City Cerveceros : RHP Tex Perkins
Batting: RHB Juan Valverde 0-0: Ball
1-0: Ball
2-0: Called Strike
2-1: Ball
3-1: Base on Balls
Batting: RHB Fernando Bórquez 0-0: Ball
1-0: Grounds into double play, 5-4-3 (Groundball, 5)
Batting: LHB Alberto Varela 0-0: Called Strike
0-1: Foul Ball, location: 2F
0-2: Ball
1-2: Ball
2-2: Ball
3-2: Fly out, F7 (Flyball, 78M)
Bottom of the 8th over - 0 runs, 0 hits, 0 errors, 0 left on base; Mexico City 1 - Las Vegas 8
TOP OF THE 9TH
Mexico City Cerveceros batting - Pitching for Las Vegas Stars : RHP Dema Mitenkov
Now at 1B: Gabriel Miranda
Batting: LHB Mike Harris 0-0: Ball
1-0: Ball
2-0: Ball
3-0: Base on Balls
Batting: RHB Juan Estrada 0-0: Fly out, F5 (Line Drive, 56)
Batting: RHB Ray Ervin 0-0: Ball
1-0: Grounds into double play, 6-4-3 (Groundball, 56)
Top of the 9th over - 0 runs, 0 hits, 0 errors, 0 left on base; Mexico City 1 - Las Vegas 8
Saturday, April 7th, 2018 - OOTP Baseball 18.8 Build 76